 Dungeon Crawl Stone Soup version 0.22-a0-433-gd2a9cce0b5 (webtiles) character file.

3864 RedPan the Ducker (level 10, -4/68 HPs)
             Began as an Octopode Wizard on May 29, 2018.
             Was a Follower of Sif Muna.
             Slain by a killer bee (8 damage)
             ... on level 8 of the Dungeon.
             The game lasted 00:30:16 (13174 turns).

RedPan the Ducker (Octopode Wizard)                Turns: 13174, Time: 00:30:17

Health: -4/68      AC:  2    Str:  7    XL:     10   Next: 19%
Magic:  19/19      EV: 18    Int: 21    God:    Sif Muna [*.....]
Gold:   499        SH:  0    Dex: 13    Spells: 10/21 levels left

rFire    + . .     SeeInvis .   b - +5 dagger (venom)
rCold    . . .     Gourm    .   (no shield)
rNeg     . . .     Faith    .   a - +1 hat
rPois    .         Spirit   .   (no amulet)
rElec    .         Reflect  .   j - ring of flight
rCorr    .         Harm     .   p - ring of protection from fire
MR       .....                  n - +2 ring of evasion
Stlth    ++++......             (no ring)
HPRegen  0.21/turn              (no ring)
MPRegen  0.16/turn              (no ring)
                                (no ring)
                                (no ring)

@: lethally poisoned (-4 -> -31), hasted, very quick
A: almost no armour, stealthy swim, amphibious, 8 rings, constrict 8, camouflage
1, gelatinous body 1
a: Divine Energy, Renounce Religion, Evoke Flight


You were on level 8 of the Dungeon.
You worshipped Sif Muna.
Sif Muna was aware of your devotion.
You were not hungry.

You visited 2 branches of the dungeon, and saw 9 of its levels.

You collected 499 gold pieces.

Inventory:

Hand Weapons
 b - a +5 dagger of venom (weapon)
Armour
 a - a +1 hat (worn)
Jewellery
 j - a ring of flight (left tentacle)
 n - a +2 ring of evasion (on tentacle)
 p - a ring of protection from fire (right tentacle)
Wands
 g - a wand of enslavement (8)
 i - a wand of digging (18)
 q - a wand of polymorph (15)
Scrolls
 f - 2 scrolls of teleportation
 k - a scroll of amnesia
 o - 3 scrolls of blinking
 t - a scroll of enchant armour
Potions
 d - 4 potions of brilliance
 e - 2 potions of flight
 h - a potion of ambrosia
 l - a potion of haste
Comestibles
 c - 9 rations


   Skills:
 + Level 5.7 Fighting
 - Level 5.1 Short Blades
 + Level 6.3 Dodging
 + Level 5.0 Stealth
 + Level 6.0 Spellcasting
 + Level 5.0 Conjurations
 - Level 2.0 Summonings
 - Level 2.0 Translocations
 - Level 2.0 Fire Magic
 - Level 2.0 Air Magic
 - Level 4.2 Poison Magic
 - Level 3.0 Invocations


You had 10 spell levels left.
You knew the following spells:

 Your Spells              Type           Power        Failure   Level  Hunger
a - Magic Dart            Conj           ####         1%          1    None
b - Blink                 Tloc           N/A          6%          2    None
c - Call Imp              Summ           ##......     6%          2    None
d - Mephitic Cloud        Conj/Pois/Air  ###.....     6%          3    ##.....
e - Conjure Flame         Conj/Fire      ###.....     7%          3    ##.....

Your spell library contained the following spells:

 Spells                   Type           Power        Failure   Level  Hunger
 Slow                     Hex            #.......     14%         2    None


Dungeon Overview and Level Annotations

Branches:
Dungeon (8/15)             Temple (1/1) D:6
   Lair: D:8-11

Altars:
Ashenzari
Cheibriados
Dithmenos
Elyvilon
Fedhas
Gozag
Hepliaklqana
Kikubaaqudgha
Makhleb
Nemelex Xobeh
Okawaru
Qazlal
Ru
Sif Muna
Trog
Uskayaw
Vehumet
Wu Jian
Xom
Yredelemnul
Zin
Lugonu

Annotations:
D:3 NeAGen181's ghost, amateur GrEE
D:5 exclusion: ice beast


Innate Abilities, Weirdness & Mutations

You cannot wear most types of armour.
You are very stealthy in the water. (Stealth+)
You are amphibious.
You can wear up to eight rings at the same time.
You can use your tentacles to constrict eight enemies at once.
Your skin changes colour to match your surroundings (Stealth+).
Your rubbery body absorbs attacks. (AC +1, EV +1)


Message History

* * * LOW HITPOINT WARNING * * *
You are more poisoned.
The killer bee poisons you!
You're too confused to cast spells.
You miss the killer bee. Your squeeze misses the killer bee.
The killer bee is severely wounded.
* * * LOW HITPOINT WARNING * * *
You feel sick. The killer bee misses you.
You bump into the rock wall.
* * * LOW HITPOINT WARNING * * *
You feel sick. The killer bee barely misses you. The killer bee stings you.
* * * LOW HITPOINT WARNING * * *
You are more poisoned.
The killer bee poisons you!
You feel yourself speed up.
You feel less invigorated.
You feel less confused.
* * * LOW HITPOINT WARNING * * *
You feel very sick. The killer bee stings you!
You die...

#.# #.#
#.# ##
#.# #.#
#.###.
#[# #.#
#.....
#.# #.#
###...
#.####.#
#.......
#....#.#
#.###...
####.#.#
##..
#)#.####
##.
#.#@y..#
#.
#.####.#
###.
#.#.. ..
...
#.#.#
... #..
#.#.# ##
#[.
#.#.#
#..
#.#.#
..####..
#.#.#
........
#...##
#####..


You could see a killer bee.

Vanquished Creatures
  Joseph (D:8)
  A queen bee (D:8)
  Prince Ribbit (D:8)
  A hippogriff (D:8)
  Sigmund (D:7)
  A wyvern (D:8)
  Eustachio (D:5)
  Edmund (D:7)
  2 ice beasts
  A phantom (D:5)
  An ogre (D:6)
  A centaur (D:7)
  2 big kobolds (D:7)
  5 bullfrogs
  4 scorpions
  6 killer bees (D:8)
  A howler monkey (D:6)
  A crimson imp (D:7)
  A quasit (D:6)
  A bullfrog zombie (D:6)
  2 jellies
  A bullfrog skeleton (D:6)
  A centaur skeleton (D:4)
  An orc priest (D:4)
  Crazy Yiuf (D:5)
  5 orc wizards
  7 hounds
  An iguana (D:5)
  Terence (D:3)
  5 worker ants
  A worker ant zombie (D:8)
  13 adders
  4 gnolls (D:5)
  An ooze (D:1)
  2 adder skeletons
  A worm (D:5)
  2 dart slugs
  8 leopard geckos
  15 orcs
  A ball python (D:1)
  12 bats
  2 giant cockroaches
  13 goblins
  A hobgoblin (D:3)
  4 jackals (D:6)
  3 quokkas
  2 frilled lizards
  2 jackal skeletons
  7 kobolds
  A leopard gecko skeleton (D:7)
  4 quokka skeletons
  9 rats
167 creatures vanquished.

Vanquished Creatures (collateral kills)
  A worm (D:3)
1 creature vanquished.

Grand Total: 168 creatures vanquished

Notes
Turn   | Place    | Note
-------+----------+-------------------------------------------
     0 | D:1      | RedPan the Octopode Wizard began the quest for the Orb.
     0 | D:1      | Reached XP level 1. HP: 11/11 MP: 4/4
   174 | D:1      | Reached XP level 2. HP: 17/17 MP: 1/6
   839 | D:1      | Reached XP level 3. HP: 21/21 MP: 1/7
  1117 | D:1      | Learned a level 2 spell: Blink
  1120 | D:1      | Learned a level 2 spell: Call Imp
  1124 | D:1      | Learned a level 3 spell: Mephitic Cloud
  1580 | D:2      | Reached XP level 4. HP: 9/27 MP: 1/8
  1899 | D:2      | Found a sacrificial altar of Ru.
  1989 | D:2      | Found a bloodstained altar of Trog.
  1998 | D:2      | Found an ornate altar of the Wu Jian Council.
  2859 | D:3      | Noticed Terence
  2926 | D:3      | Reached XP level 5. HP: 5/32 MP: 2/9
  3299 | D:3      | Killed Terence
  3299 | D:3      | Reached skill level 1 in Fighting
  3299 | D:3      | Reached skill level 1 in Poison Magic
  3709 | D:3      | Found a stormy altar of Qazlal.
  3740 | D:3      | Reached skill level 1 in Short Blades
  3740 | D:3      | Reached skill level 1 in Air Magic
  3878 | D:3      | Noticed NeAGen181's ghost (amateur GrEE)
  4714 | D:3      | Found a glowing silver altar of Zin.
  4714 | D:3      | Found an opulent altar of Gozag.
  5096 | D:4      | Reached XP level 6. HP: 38/38 MP: 8/10
  5582 | D:4      | Found an iron altar of Okawaru.
  6419 | D:4      | Reached XP level 7. HP: 45/45 MP: 9/12
  6524 | D:5      | Entered Level 5 of the Dungeon
  6583 | D:5      | Noticed Eustachio
  7144 | D:5      | Found a white marble altar of Elyvilon.
  8197 | D:5      | Found a hide-covered altar of Uskayaw.
  8205 | D:5      | Learned a level 3 spell: Conjure Flame
  8286 | D:5      | Killed Eustachio
  8286 | D:5      | Reached XP level 8. HP: 52/52 MP: 9/14
  8486 | D:5      | Found a runed door.
  8872 | D:5      | Noticed Crazy Yiuf
  8877 | D:5      | Killed Crazy Yiuf
  9157 | D:6      | Reached skill level 1 in Fire Magic
  9541 | D:6      | Found an ancient bone altar of Kikubaaqudgha.
  9774 | D:6      | Found a staircase to the Ecumenical Temple.
  9858 | Temple   | Entered the Ecumenical Temple
  9903 | Temple   | Became a worshipper of Sif Muna the Loreminder
 10333 | D:7      | Noticed Sigmund
 10336 | D:7      | Noticed Edmund
 10348 | D:7      | Killed Sigmund
 10348 | D:7      | Reached skill level 5 in Dodging
 10348 | D:7      | Reached XP level 9. HP: 59/59 MP: 11/16
 10367 | D:7      | Killed Edmund
 10367 | D:7      | Reached skill level 1 in Invocations
 10643 | D:7      | Reached skill level 5 in Spellcasting
 10717 | D:7      | Found a burning altar of Makhleb.
 11644 | D:8      | Noticed Prince Ribbit
 11670 | D:8      | Killed Prince Ribbit
 11680 | D:8      | Reached skill level 5 in Fighting
 11680 | D:8      | Reached skill level 5 in Short Blades
 11936 | D:8      | Found a hazy altar of Hepliaklqana.
 12002 | D:8      | Reached * piety under Sif Muna
 12581 | D:8      | Noticed Joseph
 12594 | D:8      | Killed Joseph
 12594 | D:8      | Reached XP level 10. HP: 22/66 MP: 11/18
 13097 | D:8      | Reached skill level 5 in Conjurations
 13167 | D:8      | Reached skill level 5 in Stealth
 13173 | D:8      | HP: 3/68 [killer bee (5)]
 13174 | D:8      | Slain by a killer bee

Vault maps used:
D:1:      nicolae_arrival_somewhat_less_tricky_arrival
D:2:      nicolae_ru_the_path_less_chosen, minitemple, serial_glass,
          glass_columns_a, glass_columns_c
D:3:      grunt_temple_overflow_gold_and_silver, overflow_temple_1_default,
          first_ration, uniq_terence
D:4:      nicolae_overflow_crystal_walls, roderic_batcave
D:5:      elyvilon_altar_1, lemuel_doored_altar, uniq_crazy_yiuf_cottage,
          uniq_eustachio
D:6:      kennysheep_little_box, minmay_temple_entry_trees
D:7:      makhleb_heckhound_becter, minmay_item_behind_shaft,
          minmay_misc_feat_x, sigmund_edmund_badplayer
D:8:      lemuel_crystal_altar, david_nohive_1, uniq_joseph, uniq_prince_ribbit1
Temple:   corrupted_temple

Skill      XL: |  1  2  3  4  5  6  7  8  9 10 |
---------------+-------------------------------+-----
Stealth        | 3 4 5 |  5.0
Conjurations   | 2 3 4 5 |  5.0
Summonings     | 2 |  2.0
Translocations | 2 |  2.0
Dodging        | 3 4 5 6 |  6.3
Fighting       | 1 2 3 4 5 |  5.7
Poison Magic   | 1 2 4 |  4.2
Short Blades   | 1 2 3 4 5 |  5.1
Air Magic      | 1 2 |  2.0
Spellcasting   | 4 5 6 |  6.0
Fire Magic     | 2 |  2.0
Invocations    | 3 |  3.0

Action                   |  1- 3 |  4- 6 |  7- 9 | 10-12 || total
-------------------------+-------+-------+-------+-------++-------
Melee: Dagger            |    11 |    42 |   146 |     8 ||   207
       Constrict         |     3 |    10 |    28 |     2 ||    43
       Tentacles         |     1 |     4 |    28 |     2 ||    35
 Cast: Magic Dart        |    62 |   156 |   266 |    37 ||   521
       Call Imp          |       |     6 |       |       ||     6
       Mephitic Cloud    |       |       |     7 |     1 ||     8
       Conjure Flame     |       |       |     3 |       ||     3
       Blink             |       |       |     2 |       ||     2
  Use: Scroll            |     6 |     7 |     9 |     1 ||    23
       Potion            |       |     1 |     1 |     3 ||     5
 Stab: Confused          |       |       |     4 |       ||     4
       Sleeping          |       |       |     1 |       ||     1
  Eat: Chunk             |     2 |    11 |    15 |       ||    28
       Ration            |       |     1 |     1 |     1 ||     3
Armor: Skin              |     2 |     5 |     8 |       ||    15
Dodge: Dodged            |    15 |    49 |   122 |    43 ||   229

Table legend:
 A = Spawn XP
 B = Non-spawn XP
 C = Spawn XP percentage of total XP
 D = Spawn monster count
 E = Non-spawn monster count
 F = Spawn count percentage of total count
 G = Total turns spent on level
                    A         B        C        D         E        F      G
               +---------+---------+-------+---------+---------+-------+---------
         Total |       0 |    5520 |   0.0 |       0 |     168 |   0.0 | 13174
               +---------+---------+-------+---------+---------+-------+---------
           D:1 |       0 |      38 |   0.0 |       0 |      20 |   0.0 |  1157
           D:2 |       0 |      71 |   0.0 |       0 |      14 |   0.0 |  1369
           D:3 |       0 |     187 |   0.0 |       0 |      28 |   0.0 |  2310
           D:4 |       0 |     353 |   0.0 |       0 |      23 |   0.0 |  1688
           D:5 |       0 |     916 |   0.0 |       0 |      24 |   0.0 |  2397
           D:6 |       0 |     749 |   0.0 |       0 |      23 |   0.0 |  1318
           D:7 |       0 |     847 |   0.0 |       0 |      16 |   0.0 |  1293
           D:8 |       0 |    2359 |   0.0 |       0 |      20 |   0.0 |  1581
               +---------+---------+-------+---------+---------+-------+---------
